 Seeded DCSS version 0.29.0-7-g18a832c13a (webtiles) character file.

Game seed: 1 (custom seed)

52 Kazon the Trooper (level 3, -9/31 HPs)
             Began as a Demigod Fighter on Aug 31, 2022.
             Mangled by a gnoll
             ... wielding a +0 halberd
              (12 damage)
             ... on level 2 of the Dungeon.
             The game lasted 00:03:40 (913 turns).

Kazon the Trooper (Demigod Fighter)                  Turns: 913, Time: 00:03:41

Health: -9/31      AC:  8    Str: 25    XL:     3   Next: 39%
Magic:  5/5        EV:  9    Int: 10    God:
Gold:   134        SH:  4    Dex: 13    Spells: 2/2 levels left

rFire   . . .      SeeInvis .   a - +0 long sword
rCold   . . .      Faith    .   c - +0 buckler
rNeg    . . .      Spirit   .   b - +0 scale mail
rPois   .          Reflect  .   (no helmet)
rElec   .          Harm     .   (no cloak)
rCorr   .          Rampage  .   e - +1 pair of gloves of Fuovy {Regen+ Str+4}
Will    .....                   (no boots)
Stlth   ..........              f - amulet of regeneration
HPRegen 1.70/turn               (no ring)
MPRegen 0.09/turn               (no ring)

@: no status effects
A: high MP 1, forlorn, divine attributes
a: no special abilities


You were on level 2 of the Dungeon.
You visited 1 branch of the dungeon, and saw 3 of its levels.

You collected 134 gold pieces.

Inventory:

Hand Weapons
 a - a +0 long sword (weapon)
Missiles
 k - 8 stones (quivered)
 l - 7 poisoned darts
 m - a throwing net
Armour
 b - a +0 scale mail (worn)
 c - a +0 buckler (worn)
 e - the +1 pair of gloves of Fuovy (worn) {Regen+ Str+4}
   (You acquired it on level 1 of the Dungeon)

   Str:       It affects your strength (+4).
   Regen:     It increases your rate of health regeneration.
Jewellery
 f - an amulet of regeneration (around neck)
Scrolls
 j - a scroll of identify {unknown}
Potions
 d - a potion of might
 g - a potion of haste {unknown}
 h - a potion of flight {unknown}
 i - a potion of attraction {unknown}


   Skills:
 + Level 3.1 Fighting
 + Level 2.6 Long Blades
 + Level 3.0 Armour
 + Level 0.1 Dodging
 + Level 3.0 Shields


You had 2 spell levels left.
You didn't know any spells.
Your spell library was empty.

Dungeon Overview and Level Annotations

Branches:
Dungeon (3/15)

Shops:
D:3 (


Innate Abilities, Weirdness & Mutations

You have an increased reservoir of magic. (+10% MP)
You shall have no god before yourself.
Your divine heritage dramatically boosts your attributes as you level up.


Message History

The ball python bites you but does no damage.
The ball python constricts you.
You closely miss the ball python.
The ball python is moderately wounded.
The ball python barely misses you. The ball python constricts you.
You hit the ball python.
You kill the ball python!
m - a throwing net
Things that are here:
a +0 spear; a gnoll corpse A gnoll and an adder come into view.
The adder hisses angrily.
Items here: )))) ? †.
Things that are here:
a +0 spear; a gnoll corpse The gnoll barely misses you.
You closely miss the gnoll. The gnoll barely misses you.
The gnoll hits you with a +0 halberd!
You hit the gnoll.
The gnoll is moderately wounded.
The gnoll hits you with a +0 halberd!
You barely miss the gnoll.
The gnoll is moderately wounded.
The gnoll closely misses you.
You closely miss the gnoll.
The gnoll is moderately wounded.
The gnoll closely misses you.
You barely miss the gnoll.
The gnoll is moderately wounded.
The gnoll hits you with a +0 halberd! x2
* * * LOW HITPOINT WARNING * * *
You slash the gnoll!
The gnoll is almost dead.
The gnoll closely misses you.
You barely miss the gnoll.
The gnoll is almost dead.
The gnoll hits you with a +0 halberd!
* * * LOW HITPOINT WARNING * * *
The gnoll attacks as you move away! The gnoll hits you with a +0 halberd!
You die...

#.##.# #.##.....
#.....#.# #)#.# # #.#
######.#.#.#.# #.#
#....S.......# #.#
#S##.......### #.#
#g##..####.# #<#
#@##..# # #### #.#
#.##..# ..# #.#
#.##..####.#
#.####.#####..........#
.
#.#.........>##..######
..###...#####....##..#
#....####............#
..##.# #.#########.##
#.# #.# #.#


You could see a gnoll and an adder.

Vanquished Creatures
  2 gnolls (D:2)
  A worm (D:2)
  5 endoplasms
  A giant cockroach (D:1)
  5 goblins
  3 hobgoblins
  3 kobolds
  A quokka (D:1)
  A ball python (D:2)
  2 bats
  3 rats (D:1)
27 creatures vanquished.

Notes
Turn   | Place    | Note
-------+----------+-------------------------------------------
     0 | D:1      | Kazon the Demigod Fighter began the quest for the Orb.
     0 | D:1      | Reached XP level 1. HP: 18/18 MP: 3/3
    47 | D:1      | Identified a scroll of acquirement
    47 | D:1      | Acquired the +1 pair of gloves of Fuovy {Regen+ Str+4}
   303 | D:1      | Reached XP level 2. HP: 25/25 MP: 4/4
   720 | D:3      | Found Umat's Antique Weapon Boutique.
   864 | D:2      | Reached XP level 3. HP: 31/31 MP: 5/5
   913 | D:2      | Mangled by a gnoll

Illustrated notes

Levels and vault maps discovered:
D:1:      dpeg_arrival_three_smaller_balls, layout_basic
D:2:      layout_loops_ring
D:3:      layout_basic, serial_shops, nicolae_shop_stone, st_stairs_7

Skill      XL: |  1  2  3 |
---------------+----------+-----
Shields        | 3 |  3.0
Long Blades    | 2 |  2.6
Fighting       | 3 |  3.1
Armour         | 3 |  3.0
Dodging        | |  0.1

Action                   || total
-------------------------++-------
Melee: Long sword        ||   115
  Use: Scroll            ||     1
Armor: Scale mail        ||    57
Dodge: Dodged            ||    73
Block: Buckler           ||    29
